 Dungeon Crawl Stone Soup version 0.18-a0-1788-g92de1ac (webtiles) character file.

133 Duffy the Slasher (level 4, -1/33 HPs)
             Began as a Mummy Gladiator on Apr 20, 2016.
             Was an Initiate of Gozag.
             Slain by an adder (3 damage)
             ... on level 3 of the Dungeon.
             The game lasted 00:02:08 (2208 turns).

Duffy the Slasher (Mummy Gladiator)                 Turns: 2208, Time: 00:02:08

Health: -1/33      AC:  9    Str: 19    XL:     4   Next: 93%
Magic:  4/4        EV:  8    Int:  7    God:    Gozag
Gold:   60         SH:  0    Dex: 12    Spells: 0 memorised, 3 levels left

rFire  x . .     SeeInvis .     a - +0 long sword
rCold  + . .     Gourm    .     k - +0 chain mail
rNeg   + + +     Faith    .     (no shield)
rPois  ∞         Spirit   .     c - +0 helmet
rElec  .         Dismiss  .     (no cloak)
rCorr  .         Reflect  .     (no gloves)
SustAt .         Harm     .     (no boots)
MR     .....     Rnd*Tele +     i - amulet of rage
Stlth  ..........               (no ring)
                                l - ring of teleportation (curse)

@: not resistant to hostile enchantments, extremely unstealthy
A: no food or potions, fire vulnerability, cold resistance 1, negative energy
resistance 3, torment resistance, unbreathing
a: Potion Petition, Call Merchant, Bribe Branch, Renounce Religion


You were on level 3 of the Dungeon.
You worshipped Gozag.
Gozag was noncommittal.
You were not hungry.

You visited 1 branch of the dungeon, and saw 3 of its levels.

You collected 60 gold pieces.


Innate Abilities, Weirdness & Mutations

You do not eat or drink.
Your flesh is vulnerable to fire.
You are immune to poison.
Your flesh is cold resistant.
You are immune to negative energy.
You are immune to unholy pain and torment.
You can survive without breathing.


   Skills:
 - Level 2.0 Fighting
 + Level 4.7 Long Blades
 - Level 1.5 Throwing
 - Level 2.4 Dodging


You had 3 spell levels left.
You didn't know any spells.

Inventory:

Hand Weapons
 a - a +0 long sword (weapon)
Missiles
 d - 3 throwing nets (quivered)
Armour
 b - a +0 leather armour
 c - a +0 helmet (worn)
 e - a +0 ring mail
 k - a +0 chain mail (worn)
Jewellery
 i - an amulet of rage (around neck)
 l - a cursed ring of teleportation (left hand)
Scrolls
 f - a scroll of blinking
 g - 4 scrolls of identify
 h - a scroll of magic mapping
 j - a scroll of noise

Dungeon Overview and Level Annotations

Branches:
Dungeon (3/15)

Altars:
Gozag

Annotations:
D:3 nono's ghost, amateur HaAK


Message History

The ball python constricts the plant.
The adder bites you but does no damage.
The ball python bites the plant but does no damage.
The adder bites you but does no damage.
The ball python bites the plant but does no damage.
The ball python constricts the plant.
Nono's ghost hits you but does no damage.
The ball python bites the plant but does no damage.
The adder misses you.
The ball python bites the plant but does no damage.
The ball python constricts the plant.
Nono's ghost hits you but does no damage.
The adder bites you.
The ball python bites the plant but does no damage.
The ball python bites the plant.
The ball python constricts the plant.
Nono's ghost hits you. The adder misses you.
The ball python bites the plant.
The ball python bites the plant but does no damage.
The ball python constricts the plant.
The adder bites you but does no damage.
Nono's ghost hits you but does no damage.
The ball python bites the plant but does no damage. x2
The ball python constricts the plant.
The adder bites you but does no damage.
The ball python bites the plant but does no damage.
Nono's ghost hits you.
The ball python bites the plant.
The ball python constricts the plant.
The adder bites you but does no damage.
The ball python bites the plant but does no damage. x2
The ball python constricts the plant.
Nono's ghost hits you but does no damage.
The adder bites you.
The ball python bites the plant but does no damage. x2
The ball python constricts the plant.
Nono's ghost hits you but does no damage.
The adder bites you.
You die...
Your body crumbles into a pile of gold.

###...# +...# #
####...#.###
#(.........#
#.#......#.#
####.#.###### #......# #
###P# #.##.#.#.####....#
#.##.#.....@PS#
######.##.......WSSS..#
.......##.######.###.#.#
#.####.<.........# .#
#.# #.##........# #.#
#.##########. #.# #.# .
#.# #.# . #.# #.#


You could see nono's ghost, an adder and 3 ball pythons.

Action                   |  1- 3 |  4- 6 || total
-------------------------+-------+-------++-------
Melee: Long sword        |   121 |    30 ||   151
  Use: Scroll            |     3 |       ||     3
Armor: Leather armour    |    13 |       ||    13
       Ring mail         |    38 |       ||    38
       Chain mail        |     3 |    43 ||    46
Dodge: Dodged            |    99 |    13 ||   112

Notes
Turn   | Place    | Note
--------------------------------------------------------------
     0 | D:1      | Duffy the Mummy Gladiator began the quest for the Orb.
     0 | D:1      | Reached XP level 1. HP: 16/16 MP: 1/1
   422 | D:1      | Reached XP level 2. HP: 22/22 MP: 2/2
   427 | D:1      | Reached skill level 3 in Long Blades
  1036 | D:2      | Reached XP level 3. HP: 19/27 MP: 3/3
  1130 | D:2      | Noticed Terence
  1148 | D:2      | Killed Terence
  1384 | D:2      | Reached skill level 4 in Long Blades
  1912 | D:3      | Reached XP level 4. HP: 30/33 MP: 4/4
  2139 | D:3      | Found a faded altar to an unknown god.
  2148 | D:3      | Became a worshipper of Gozag Ym Sagoz the Greedy
  2188 | D:3      | Noticed nono's ghost (amateur HaAK)
  2208 | D:3      | Slain by an adder

Vault maps used:
D:1:      ncdulo_halloftheorcs
D:2:      uniq_terence
D:3:      ecumenical_altar_1, portal_sewer_entry_d, minmay_shallow_snake_nest

Vanquished Creatures
  2 orc priests Terence
  A worm
  A dart slug
  A giant gecko
  3 orcs
  2 giant cockroaches
  3 hobgoblins
  2 jackals
  A quokka
  7 bats
  2 giant newts
  7 goblins
  6 kobolds
  3 rats
42 creatures vanquished.
